 Dungeon Crawl Stone Soup version 0.25-a0-310-g60f0ac2 (webtiles) character file.

Game seed: 6922375913612825348, levelgen mode: deterministic

32 Auros the Chopper (level 3, 33/33 HPs)
             Began as a Hill Orc Monk on Dec 23, 2019.
             Quit the game on level 2 of the Dungeon.
             The game lasted 00:04:12 (1250 turns).

Auros the Chopper (Hill Orc Monk)                   Turns: 1250, Time: 00:04:12

Health: 33/33      AC:  2    Str: 14    XL:     3   Next: 25%
Magic:  3/3        EV: 13    Int: 10    God:
Gold:   38         SH:  0    Dex: 13    Spells: 2/2 levels left

rFire    . . .     SeeInvis .   a - +0 hand axe
rCold    . . .     Gourm    .   (no shield)
rNeg     . . .     Faith    .   b - +0 robe
rPois    .         Spirit   .   (no helmet)
rElec    .         Reflect  .   (no cloak)
rCorr    .         Harm     .   (no gloves)
MR       .....                  (no boots)
Stlth    ++........             (no amulet)
HPRegen  0.11/turn              (no ring)
MPRegen  0.08/turn              (no ring)

@: no status effects
A: no striking features
a: no special abilities


You were on level 2 of the Dungeon.
You were not hungry.

You visited 1 branch of the dungeon, and saw 2 of its levels.

You collected 38 gold pieces.

Inventory:

Hand Weapons
 a - a +0 hand axe (weapon)
Missiles
 i - 22 arrows
 k - 19 sling bullets
 Z - 62 stones (quivered)
Armour
 b - a +0 robe (worn)
 f - a +0 robe
Scrolls
 c - a scroll of remove curse {unknown}
 h - 2 scrolls of enchant armour {unknown}
 j - a scroll of identify {unknown}
Potions
 d - a potion of agility {unknown}
 e - a potion of mutation {unknown}
 g - a potion of heal wounds {unknown}
 l - a potion of berserk rage {unknown}
Comestibles
 z - 2 rations


   Skills:
 - Level 3.6 Fighting
 + Level 5.6 Axes
 - Level 2.4 Dodging
 - Level 1.6 Stealth


You had 2 spell levels left.
You didn't know any spells.
Your spell library was empty.

Dungeon Overview and Level Annotations

Branches:
Dungeon (2/15)

Altars:
Cheibriados


Message History

A kobold is nearby!
You should not fight recklessly!
You should not fight recklessly!
A kobold is nearby!
A kobold is nearby!
A kobold is nearby!
You should not fight recklessly!
You should not fight recklessly!
A kobold is nearby!
A kobold is nearby!
A kobold is nearby!
You should not fight recklessly!
You should not fight recklessly!
A kobold is nearby!
A kobold is nearby!
A kobold is nearby!
You should not fight recklessly!
Save game and exit?
Okay, then.
Are you sure you want to abandon this character and quit the game? (Confirm with "yes".)

#.. +.. #.. #.# ###.#####
........# .##.....# #####
.##.....###########......
.''..............@.......
.##.............##(......
.##.............# .....(.
.######.).......# K......
.# #.........# .(..... ##
#.........# .((....
#.........# .......
#.........# ####..#
#.........######


You could see a kobold.

Vanquished Creatures
  An ooze (D:1)
  2 leopard geckos (D:1)
  A giant cockroach (D:1)
  3 hobgoblins (D:1)
  2 jackals (D:1)
  5 bats
  A frilled lizard (D:1)
  4 goblins (D:1)
  3 kobolds
  6 rats
28 creatures vanquished.

Notes
Turn   | Place    | Note
-------+----------+-------------------------------------------
     0 | D:1      | Auros the Hill Orc Monk began the quest for the Orb.
     0 | D:1      | Reached XP level 1. HP: 19/19 MP: 1/1
   177 | D:1      | Reached XP level 2. HP: 18/27 MP: 2/2
   432 | D:1      | Reached skill level 5 in Axes
   753 | D:1      | Reached XP level 3. HP: 31/33 MP: 3/3
  1036 | D:1      | Found a snail-covered altar of Cheibriados.
  1250 | D:2      | Quit the game

Levels and vault maps discovered:
D:1:      dpeg_arrival_water_altar, layout_basic, minmay_ruptured
D:2:      layout_basic, lemuel_doored_altar, lemuel_coloured_pillars_altar,
          first_ration

Skill      XL: |  1  2 |
---------------+-------+-----
Axes           | 5 |  5.6
Fighting       | |  3.6
Dodging        | |  2.4
Stealth        | |  1.6

Action                   || total
-------------------------++-------
Melee: Hand axe          ||    79
Throw: Stone             ||    47
 Stab: Sleeping          ||     2
  Eat: Chunk             ||     1
Armor: Robe              ||    22
Dodge: Dodged            ||    53

Table legend:
 A = Non-vault XP
 B = Vault XP
 C = Vault XP percentage of total XP
 D = Non-vault monster count
 E = Vault monster count
 F = Vault count percentage of total count
                 A         B        C        D         E       F
            +---------+---------+-------+---------+---------+-------
      Total |      38 |       8 |  17.4 |      24 |       4 |  14.3
            +---------+---------+-------+---------+---------+-------
        D:1 |      35 |       8 |  18.6 |      21 |       4 |  16.0
        D:2 |       3 |       0 |   0.0 |       3 |       0 |   0.0
            +---------+---------+-------+---------+---------+-------
